 Dungeon Crawl Stone Soup version 0.28-a0-178-ga708605c5b (webtiles) character file.

Game seed: 7659289333592970501

139 prdct the Chopper (level 5, -2/45 HPs)
             Began as a Minotaur Fighter on Aug 17, 2021.
             Killed by nerve-wracking pain
             ... invoked by Grinder
              (9 damage)
             ... while paralysed by Grinder
             ... on level 3 of the Dungeon.
             The game lasted 00:04:50 (2620 turns).

prdct the Chopper (Minotaur Fighter)                Turns: 2620, Time: 00:04:50

Health: -2/45      AC:  6    Str: 21    XL:     5   Next: 1%
Magic:  4/4        EV:  2    Int:  5    God:
Gold:   119        SH:  0    Dex: 10    Spells: 4/4 levels left

rFire   . . .      SeeInvis .   a - +0 war axe
rCold   . . .      Faith    .   c - +0 kite shield
rNeg    . . .      Spirit   .   b - +0 scale mail
rPois   .          Reflect  .   (helmet restricted)
rElec   .          Harm     .   (no cloak)
rCorr   .          Rampage  .   (no gloves)
Will    .....                   (no boots)
Stlth   ..........              (no amulet)
HPRegen 0.15/turn               (no ring)
MPRegen 0.09/turn               (no ring)

@: paralysed
A: horns 2, retaliatory headbutt
a: no special abilities


You were on level 3 of the Dungeon.
You visited 1 branch of the dungeon, and saw 3 of its levels.

You collected 119 gold pieces.

Inventory:

Hand Weapons
 a - a +0 war axe (weapon)
Armour
 b - a +0 scale mail (worn)
 c - a +0 kite shield (worn)
Jewellery
 l - a ring of poison resistance
Scrolls
 e - a scroll of fear {unknown}
 f - a scroll of enchant weapon {unknown}
 g - 2 scrolls of identify {unknown}
 j - a scroll of immolation {unknown}
 k - a scroll of summoning {unknown}
 m - a scroll of amnesia {unknown}
 n - a scroll of blinking {unknown}
Potions
 d - a potion of might
 h - a potion of heal wounds {unknown}
 i - a potion of lignification {unknown}


   Skills:
 - Level 3.6 Fighting
 * Level 5.6 Axes
 - Level 3.6 Armour
 * Level 2.3 Dodging
 - Level 3.6 Shields


You had 4 spell levels left.
You didn't know any spells.
Your spell library contained the following spells:

 Spells                   Type           Power      Damage    Failure   Level
 Sublimation of Blood     Necr           0%         N/A       100%        2
 Petrify                  Tmut/Erth      0%         N/A       100%        4
 Irradiate                Conj/Tmut      0%         3d14      100%        5


Dungeon Overview and Level Annotations

Branches:
Dungeon (3/15)

Altars:

Shops:
D:1 (

Annotations:
D:3 Grinder


Innate Abilities, Weirdness & Mutations

You have a pair of horns on your head.
You reflexively headbutt those who attack you in melee.


Message History

You barely miss Grinder.
You feel very sick. You block Grinder's attack. The kobold barely misses you.
You furiously retaliate!
You headbutt the kobold!
You kill the kobold!
You slash Grinder! Your headbutt misses Grinder.
Grinder is moderately wounded.
You feel sick. Grinder hits you!
* * * LOW HITPOINT WARNING * * *
Grinder says, "You look like you could use a good racking."
Grinder gestures at you. You resist with significant effort.
Okay, then.
Drop what? 14/52 slots (_ for help) (? for menu, Esc to quit)
Okay, then.
You drop a scroll labelled LEKUSAE HOERPH.
You feel sick. Grinder barely misses you. You furiously retaliate!
You headbutt Grinder.
Drop what? 14/52 slots (_ for help) (? for menu, Esc to quit)
Okay, then.
You closely miss Grinder.
Grinder is moderately wounded.
You feel sick. Grinder gestures at you.
You barely resist. You closely miss Grinder.
Grinder is moderately wounded.
You feel sick.
You are no longer poisoned.
Grinder blinks!
Grinder gestures at you.
You suddenly lose the ability to move!
Grinder gestures at you.
You shrug off the repeated paralysis!
You can move again.
Grinder gestures at you.
You suddenly lose the ability to move!
Grinder gestures at you. Pain shoots through your body!
You die...

#.###..########## #.#
#.........# #.
#..##..##.#
#......##.####
#...#........#
#...#.##...#.#
#...#........#######
#...#[.............#
....##.....@.#####.#
#.#..##.#............
#.#...#######.#
#.##.## ..##.##5#
........####
#.#......).####
#.......)?....#
#######.##)##.#


You could see Grinder.

Vanquished Creatures
  An orc wizard (D:3)
  A gnoll (D:1)
  5 adders
  2 dart slugs
  4 orcs (D:3)
  An endoplasm (D:3)
  A giant cockroach (D:1)
  4 goblins (D:2)
  5 hobgoblins
  2 jackals (D:1)
  3 quokkas
  2 ball pythons
  8 bats
  6 kobolds
  10 rats
55 creatures vanquished.

Notes
Turn   | Place    | Note
-------+----------+-------------------------------------------
     0 | D:1      | prdct the Minotaur Fighter began the quest for the Orb.
     0 | D:1      | Reached XP level 1. HP: 19/19 MP: 0/0
    73 | D:1      | Reached skill level 3 in Axes
    73 | D:1      | Reached skill level 1 in Dodging
    73 | D:1      | Reached XP level 2. HP: 23/26 MP: 1/1
   540 | D:1      | Found Fotoxyac's Weapon Shoppe.
   806 | D:1      | Reached XP level 3. HP: 26/31 MP: 2/2
  1261 | D:2      | Reached skill level 4 in Axes
  1549 | D:2      | Reached XP level 4. HP: 26/39 MP: 3/3
  2269 | D:2      | Found a faded altar of an unknown god.
  2485 | D:3      | Reached skill level 5 in Axes
  2566 | D:3      | Reached XP level 5. HP: 28/45 MP: 4/4
  2595 | D:3      | Noticed Grinder
  2596 | D:3      | Paralysed by Grinder for 2 turns
  2601 | D:3      | Paralysed by Grinder for 3 turns
  2612 | D:3      | Paralysed by Grinder for 3 turns
  2619 | D:3      | Paralysed by Grinder for 4 turns
  2620 | D:3      | Killed from afar by Grinder

Illustrated notes

Levels and vault maps discovered:
D:1:      scummos_arrival_gate, layout_basic, serial_shops, shop
D:2:      layout_loops_ring, hellmonk_ecumenical_altar_prayer_group,
          minmay_pentomino_s4
D:3:      layout_loops_ring, nicolae_ru_path_of_blood, uniq_grinder

Skill      XL: |  1  2  3  4 |
---------------+-------------+-----
Axes           | 3 4 5 |  5.6
Dodging        | 1 2 |  2.3
Fighting       | |  3.6
Armour         | |  3.6
Shields        | |  3.6

Action                   |  1- 3 |  4- 6 || total
-------------------------+-------+-------++-------
Melee: War axe           |    94 |    34 ||   128
       Headbutt          |    14 |     4 ||    18
Armor: Scale mail        |    50 |    16 ||    66
Dodge: Dodged            |    40 |    10 ||    50
Block: Kite shield       |    44 |    13 ||    57

Table legend: (Time is in decaauts)
 A = Elapsed time spent in this place.
 B = Non-inter-level travel time spent in this place.
 C = Inter-level travel time spent in this place.
 D = Time resting spent in this place.
 E = Time spent auto-exploring this place.
 F = Levels seen in this place.
 G = Mean time per level.
                   A        B        C        D        E       F      G
               +--------+--------+--------+--------+--------+-----+--------+
         Total |   2688 |   2651 |     37 |      0 |   2280 |   3 |  896.0 |
       Dungeon |   2688 |   2651 |     37 |      0 |   2280 |   3 |  896.0 |
               +--------+--------+--------+--------+--------+-----+--------+

Top non-repeatable levels by time:
     D:2: 1394 daAuts
     D:1: 1080 daAuts
     D:3: 213 daAuts
